 Dungeon Crawl Stone Soup version 0.27.1-34-g3ba077fa99 (webtiles) character file.

Game seed: 13749501753643876894

373 Flarelocke the Covered (level 6, 0/56 HPs)
             Began as a Minotaur Fighter on Jan 11, 2022.
             Was an Initiate of Hepliaklqana.
             Slain by a gnoll shaman (3 damage)
             ... on level 4 of the Dungeon.
             The game lasted 00:05:35 (3266 turns).

Flarelocke the Covered (Minotaur Fighter)           Turns: 3266, Time: 00:05:35

Health: 0/56       AC:  9    Str: 23    XL:     6   Next: 43%
Magic:  5/5        EV:  6    Int:  5    God:    Hepliaklqana [......]
Gold:   146        SH: 10    Dex:  9    Spells: 5/5 levels left

rFire    . . .     SeeInvis .   a - +0 war axe
rCold    . . .     Faith    .   c - +0 kite shield
rNeg     . . .     Spirit   .   p - +0 chain mail
rPois    .         Reflect  .   (helmet restricted)
rElec    .         Harm     .   (no cloak)
rCorr    +         Rampage  .   (no gloves)
Will     .....                  (no boots)
Stlth    ..........             e - amulet of the acrobat
HPRegen  0.18/turn              o - ring of resist corrosion
MPRegen  0.09/turn              (no ring)

@: no status effects
A: horns 2, retaliatory headbutt
a: Renounce Religion


You were on level 4 of the Dungeon.
You worshipped Hepliaklqana.
Hepliaklqana was noncommittal.
You visited 1 branch of the dungeon, and saw 4 of its levels.

You collected 146 gold pieces.

Inventory:

Hand Weapons
 a - a +0 war axe (weapon)
Armour
 b - a +0 scale mail
 c - a +0 kite shield (worn)
 p - a +0 chain mail (worn)
Jewellery
 e - an amulet of the acrobat (around neck)
 o - a ring of resist corrosion (left hand)
Wands
 m - a wand of iceblast (12)
Scrolls
 g - 4 scrolls of identify {unknown}
 i - 2 scrolls of enchant armour {unknown}
 n - a scroll of amnesia {unknown}
 q - a scroll of brand weapon {unknown}
Potions
 d - 2 potions of might
 f - a potion of flight {unknown}
 h - a potion of lignification {unknown}
 j - 6 potions of curing
 k - a potion of mutation {unknown}
 l - a potion of haste {unknown}


   Skills:
 + Level 5.3 Fighting
 + Level 4.6 Axes
 + Level 5.4 Armour
 + Level 5.3 Shields


You had 5 spell levels left.
You didn't know any spells.
Your spell library contained the following spells:

 Spells                   Type           Power      Damage    Failure   Level
 Apportation              Tloc           0%         N/A       100%        1
 Alistair's Intoxication  Tmut/Pois      0%         N/A       100%        5
 Invisibility             Hex            0%         N/A       100%        6


Dungeon Overview and Level Annotations

Branches:
Dungeon (4/15)
 Temple: D:4-7

Altars:
Hepliaklqana
Ru
Uskayaw
Xom


Innate Abilities, Weirdness & Mutations

You have a pair of horns on your head.
You reflexively headbutt those who attack you in melee.


Message History

The gnoll shaman hits you with a +0 club.
You block the gnoll's attack. The gnoll barely misses you.
The gnoll shaman hits you but does no damage.
You hit the gnoll shaman but do no damage.
The gnoll shaman is heavily wounded.
You hit the gnoll. The gnoll hits you with a +0 club.
You block the gnoll's attack. You block the gnoll shaman's attack.
The gnoll barely misses you. The gnoll hits you with a +0 club.
You hit the gnoll shaman but do no damage.
The gnoll shaman is heavily wounded.
You barely miss the gnoll.
The gnoll shaman hits you with a +0 club.
You block the gnoll's attack. x2
The gnoll shaman hits you but does no damage.
You barely miss the gnoll shaman. Your headbutt misses the gnoll shaman.
The gnoll shaman is heavily wounded.
You closely miss the gnoll. You block the gnoll's attack.
The gnoll completely misses you.
The gnoll shaman hits you but does no damage.
You closely miss the gnoll shaman.
The gnoll shaman is heavily wounded.
You hit the gnoll but do no damage.
The gnoll hits you from afar with a +0 spear.
You block the gnoll's attack.
The gnoll shaman calls upon its god to speed up the gnoll.
The gnoll seems to speed up.
The gnoll hits you with a +0 club.
The gnoll hits you from afar with a +0 spear.
You barely miss the gnoll shaman.
The gnoll shaman is heavily wounded.
You hit the gnoll. The gnoll hits you but does no damage.
You block the gnoll shaman's attack. The gnoll hits you but does no damage.
The gnoll hits you from afar with a +0 spear.
* * * LOW HITPOINT WARNING * * *
The gnoll shaman hits you with a +0 club!
* * * LOW HITPOINT WARNING * * *
You barely miss the gnoll shaman.
The gnoll shaman is heavily wounded.
You hit the gnoll. You block the gnoll's attack. x2
The gnoll shaman hits you with a +0 club.
You die...

#.# #####... #.# ##..
.. #.. #... ## ## #..
..##$# ..#
#.....##..###K...#
...# .....8
#.#.######...# .....#
#.#....[ggg.# 8...8
#......@gW# # ##>##
#.†)..)#### # #####
#..####.... # #..#
#......####..
###.######........^#
#..
.....................
.
####.######..######...
#.#### #.##....##..
#....# #.# ##?#


You could see a phantom, a gnoll shaman, 2 gnolls, a hobgoblin and a kobold.

Vanquished Creatures
  A water moccasin (D:4)
  A jelly (D:4)
  Jessica (D:2)
  Terence (D:2)
  Robin (D:2)
  A gnoll (D:4)
  8 adders
  2 worms
  A dart slug (D:3)
  An orc (D:3)
  7 ball pythons
  6 endoplasms
  4 giant cockroaches
  11 goblins
  10 hobgoblins
  4 jackals (D:3)
  A quokka (D:3)
  5 bats
  A frilled lizard (D:2)
  11 kobolds
  A rat (D:1)
79 creatures vanquished.

Notes
Turn   | Place    | Note
-------+----------+-------------------------------------------
     0 | D:1      | Flarelocke the Minotaur Fighter began the quest for the
                  | Orb.
     0 | D:1      | Reached XP level 1. HP: 19/19 MP: 0/0
    84 | D:1      | Found a faded altar of an unknown god.
    95 | D:1      | Reached XP level 2. HP: 24/27 MP: 1/1
   629 | D:2      | Reached XP level 3. HP: 33/33 MP: 2/2
   688 | D:2      | Noticed Jessica
   694 | D:2      | Killed Jessica
   890 | D:2      | Reached XP level 4. HP: 40/41 MP: 3/3
  1100 | D:2      | Noticed Robin
  1104 | D:2      | Noticed Terence
  1115 | D:2      | Killed Terence
  1116 | D:2      | Killed Robin
  1644 | D:2      | Reached XP level 5. HP: 42/47 MP: 4/4
  2050 | D:3      | Found a hazy altar of Hepliaklqana.
  2126 | D:3      | Became a worshipper of Hepliaklqana the Forgotten
  2362 | D:3      | You fall into a shaft and drop 1 floor!
  2539 | D:3      | Found a sacrificial altar of Ru.
  2894 | D:4      | Found a hide-covered altar of Uskayaw.
  3105 | D:4      | Found a shimmering altar of Xom.
  3110 | D:4      | Reached skill level 5 in Fighting
  3110 | D:4      | Reached skill level 5 in Armour
  3110 | D:4      | Reached skill level 5 in Shields
  3111 | D:4      | Noticed a water moccasin
  3118 | D:4      | Killed a water moccasin
  3119 | D:4      | Reached XP level 6. HP: 45/56 MP: 5/5
  3265 | D:4      | HP: 2/56 [gnoll shaman (9)]
  3266 | D:4      | Slain by a gnoll shaman

Illustrated notes

Levels and vault maps discovered:
D:1:      eino_arrival_cavern_b, layout_rooms, dreamdust_ecumenical_altar_grove
D:2:      layout_basic, uniq_jessica, uniq_terence, uniq_robin
D:3:      layout_loops_ring, nicolae_ru_sacrificial_ziggurat,
          lemuel_coloured_pillars_altar
D:4:      layout_loops_ring, nicolae_overflow_hidden_temple,
          nicolae_overflow_crystal_walls, nicolae_uskayaw_dance_hall,
          nicolae_wu_jian_wuxing_cycle, serial_shops, shop, minmay_puff,
          uniq_sigmund

Skill      XL: |  1  2  3  4  5 |
---------------+----------------+-----
Fighting       | 4 5 |  5.3
Armour         | 4 5 |  5.4
Shields        | 4 5 |  5.3
Axes           | 3 4 |  4.6

Action                   |  1- 3 |  4- 6 || total
-------------------------+-------+-------++-------
Melee: War axe           |    67 |   132 ||   199
       Headbutt          |     9 |    17 ||    26
  Use: Potion            |     1 |       ||     1
Armor: Scale mail        |    22 |    55 ||    77
       Chain mail        |       |    21 ||    21
Dodge: Dodged            |    26 |    53 ||    79
Block: Kite shield       |    29 |    97 ||   126
